 Dungeon Crawl Stone Soup version 0.30-a0-924-g0ad0bf95bc (webtiles) character file.

Game seed: 9700699349087542860

6273 Iich the Cleaver (level 10, -2/82 HPs)
             Began as a Demonspawn Fighter on Mar 20, 2023.
             Was an Initiate of Gozag.
             Killed by vampiric draining
             ... invoked by a vampire
              (13 damage)
             ... on level 9 of the Dungeon on Mar 22, 2023.
             The game lasted 00:23:23 (9750 turns).

Iich the Cleaver (Demonspawn Fighter)               Turns: 9750, Time: 00:23:23

Health: -2/82      AC: 23    Str: 17    XL:     10   Next: 63%
Magic:  10/10      EV:  9    Int:  9    God:    Gozag
Gold:   675        SH: 10    Dex: 23    Spells: 9/9 levels left

rFire   . . .      SeeInvis .    a - +0 war axe
rCold   . . .      Faith    .    y - +0 kite shield
rNeg    . . .      Spirit   .    c - +3 chain mail {rPois}
rPois   +          Reflect  .    x - +2 helmet
rElec   .          Rampage  .    o - +0 cloak
rCorr   .                        (gloves unavailable)
Will    .....                    F - +0 pair of boots Stlth
                                 (no amulet)
HPRegen 0.33/turn                r - +6 ring of dexterity
MPRegen 0.12/turn                B - +4 ring of protection

@: no status effects
A: icy blue scales 1, foul stench 2, demonic touch 3
a: Renounce Religion, Potion Petition, Call Merchant, Bribe Branch


You were on level 9 of the Dungeon.
You worshipped Gozag.
Gozag was pleased with you.
You visited 2 branches of the dungeon, and saw 10 of its levels.

You collected 1071 gold pieces.
You spent 306 gold pieces at shops.
You paid 90 gold pieces to Gozag.

Inventory:

Hand Weapons
 a - a +0 war axe (weapon)
Armour
 c - a +3 chain mail of poison resistance (worn)
 n - a +0 plate armour
 o - a +0 cloak (worn)
 x - a +2 helmet (worn)
 y - a +0 kite shield (worn)
 F - a +0 pair of boots (worn)
Jewellery
 e - a ring of willpower
 r - a +6 ring of dexterity (left hand)
 B - a +4 ring of protection (right hand)
 I - a ring of protection from cold
 P - a ring of poison resistance
Wands
 b - a wand of iceblast (20)
 m - a wand of flame (78)
 s - a wand of light (2)
 A - a wand of paralysis (17)
Scrolls
 f - a scroll of noise
 g - a scroll of fear
 i - a scroll of identify
 j - a scroll of fog
 l - a scroll of immolation
 p - 4 scrolls of enchant weapon
 t - 8 scrolls of teleportation
 v - a scroll of torment
 D - 2 scrolls of vulnerability
 E - 2 scrolls of amnesia
 G - a scroll of magic mapping {unknown}
Potions
 d - 2 potions of might
 h - a potion of haste
 k - a potion of ambrosia
 q - 4 potions of curing
 u - a potion of brilliance
 w - 5 potions of flight
 z - a potion of attraction
 C - a potion of mutation


   Skills:
 + Level 8.7 Fighting
 * Level 10.8 Axes
 - Level 2.6 Armour
 + Level 7.2 Dodging
 - Level 2.6 Shields


You had 9 spell levels left.
You didn't know any spells.
Your spell library contained the following spells:

 Spells                   Type           Power      Damage    Failure   Level
 Blink                    Tloc           0%         N/A       100%        2
 Cigotuvi's Dreadful Rot  Necr/Pois/Air  0%         N/A       100%        2
 Lesser Beckoning         Tloc           0%         N/A       100%        2
 Momentum Strike          Conj/Tloc      0%         3d8       100%        2
 Poisonous Vapours        Pois/Air       0%         N/A       100%        2
 Mephitic Cloud           Conj/Pois/Air  0%         N/A       100%        3
 Summon Guardian Golem    Hex/Summ       0%         N/A       100%        3
 Teleport Other           Tloc           0%         N/A       100%        3
 Vhi's Electric Charge    Tloc/Air       0%         N/A       100%        3
 Summon Cactus Giant      Summ           0%         N/A       100%        6


Dungeon Overview and Level Annotations

Branches:
Dungeon (9/15)             Temple (1/1) D:6
   Lair: D:8-11         Orc: D:9-12

Altars:
Ashenzari
Dithmenos
Fedhas
Gozag
Kikubaaqudgha
Makhleb
Nemelex Xobeh
Okawaru
Qazlal
Ru
Sif Muna
Trog
Uskayaw
Vehumet
Wu Jian
Xom
Yredelemnul

Shops:
D:1 [(*   D:3 *   D:5 :

Annotations:
D:9 2 transporters, lunkers's ghost, novice MeVM


Innate Abilities, Weirdness & Mutations

You are partially covered in icy blue scales. (AC +2)
You sometimes emit foul miasma when damaged in melee.
Your touch may irresistibly damage your foes and sap their willpower.


Message History

You barely miss something. Something hits you but does no damage.
You block something's attack.
You take 1 damage, and have 34/82 hp.
You barely miss something. Something hits you but does no damage.
Something bites you but does no damage.
You slash something! Something hits you.
* * * LOW HITPOINT WARNING * * *
Something bites you but does no damage.
You take 2 damage, and have 32/82 hp.
You closely miss something.
You hear some strange, mumbled words.
Something tries to affect you, but you resist.
Unknown command.
You slash something! Something hits you but does no damage.
Something bites you.
* * * LOW HITPOINT WARNING * * *
Something draws strength from your injuries!
You take 3 damage, and have 29/82 hp.
You slash something! Something draws life force from you!!
* * * LOW HITPOINT WARNING * * *
Something hits you but does no damage. Something bites you but does no damage.
You take 17 damage, and have 12/82 hp. !!!!--MASSIVE DAMAGE--!!!!
You slash something! Something hits you!
* * * LOW HITPOINT WARNING * * *
Something bites you but does no damage.
You take 9 damage, and have 3/82 hp.
You barely miss something. Something hits you.
* * * LOW HITPOINT WARNING * * *
Something bites you but does no damage.
You take 2 damage, and have 1/82 hp.
You feel better. Something draws life force from you!
You die...
Your body crumbles into a pile of gold.

.............#........#..###..#..
####..#####..#..#........#.......
.....# #..#..#..#.....#.......
...#### #..#..#..#..#..#..####.
... #........#...........#. ..
#........#...........#. .
#######..#######...#.##
#................#...
#...@............#...
#..{.............#... .
#................#... ..#
#.##..############... ... ...
.... ......... ... ... .....
......... ##### #### ####.
##.....#| ....# .. .......#.
....# .......#.


There were no monsters in sight!

Vanquished Creatures
  A two-headed ogre (D:8)
  Pikel (D:4)
  Prince Ribbit (D:6)
  Sigmund (D:6)
  A wyvern (D:8)
  6 yaks (D:9)
  2 steam dragons (D:6)
  Edmund (D:4)
  An orc warrior (D:7)
  A sky beast (D:5)
  2 black bears
  2 centaurs
  3 ogres
  A gnoll sergeant (D:9)
  A bullfrog (D:7)
  5 scorpions
  10 wights (D:8)
  13 killer bees
  A howler monkey (D:6)
  4 jellies
  2 hounds
  5 orc priests
  4 gnoll boudas
  2 sleepcaps
  6 orc wizards
  7 iguanas
  22 gnolls
  8 adders
  2 white imps
  An ufetubus (D:6)
  A worm (D:4)
  2 dart slugs
  34 orcs
  3 endoplasms
  4 giant cockroaches
  4 hobgoblins
  6 jackals
  3 quokkas
  4 ball pythons
  3 bats
  3 frilled lizards
  9 goblins
  9 kobolds
  5 rats
207 creatures vanquished.

Vanquished Creatures (others)
  9 fungi (D:6)
9 creatures vanquished.

Grand Total: 216 creatures vanquished

Notes
Turn   | Place    | Note
-------+----------+-------------------------------------------
     0 | D:1      | Iich the Demonspawn Fighter began the quest for the Orb.
     0 | D:1      | Reached XP level 1. HP: 18/18 MP: 1/1
   157 | D:1      | Reached skill level 2 in Axes
   266 | D:1      | Found Fyqog's Armour Shoppe.
   278 | D:1      | Gained mutation: You are partially covered in icy blue
                  | scales. (AC +2) [demonic ancestry]
   278 | D:1      | Reached XP level 2. HP: 23/24 MP: 2/2
   442 | D:1      | Found Zavukim's General Store.
   559 | D:1      | Found Wyeqigut's Antique Weapon Shoppe.
   703 | D:1      | Gained mutation: Your touch may inflict minor irresistible
                  | damage on your foes. [demonic ancestry]
   703 | D:1      | Reached XP level 3. HP: 29/29 MP: 3/3
   972 | D:2      | Found a faded altar of an unknown god.
  1049 | D:2      | Reached skill level 3 in Axes
  1686 | D:3      | Reached XP level 4. HP: 36/36 MP: 4/4
  1737 | D:3      | Reached skill level 1 in Dodging
  1773 | D:3      | Found an ornate altar of the Wu Jian Council.
  1787 | D:3      | Found Qacwycwo's Assorted Antiques.
  1795 | D:3      | Bought a scroll labelled GOIRGH EPPAIT for 24 gold pieces
  1795 | D:3      | Bought a scroll labelled AGHYLE KUTHRE for 24 gold pieces
  2092 | D:4      | Noticed a scorpion
  2101 | D:4      | Killed a scorpion
  2102 | D:4      | Gained mutation: Your touch may inflict irresistible damage
                  | on your foes. [demonic ancestry]
  2102 | D:4      | Reached XP level 5. HP: 39/42 MP: 5/5
  2115 | D:4      | Noticed an ogre
  2120 | D:4      | Killed an ogre
  2121 | D:4      | Reached skill level 4 in Axes
  2145 | D:4      | Found a radiant altar of Vehumet.
  2148 | D:4      | Noticed an ogre
  2154 | D:4      | Killed an ogre
  2155 | D:4      | Reached XP level 6. HP: 33/49 MP: 6/6
  2296 | D:4      | Noticed Edmund
  2312 | D:4      | Killed Edmund
  2313 | D:4      | Reached skill level 5 in Axes
  2457 | D:4      | Gained mutation: Your touch may irresistibly damage your
                  | foes and sap their willpower. [demonic ancestry]
  2457 | D:4      | Reached XP level 7. HP: 30/55 MP: 7/7
  2978 | D:4      | Noticed Pikel
  2996 | D:4      | Killed Pikel
  2997 | D:4      | Reached skill level 5 in Fighting
  2997 | D:4      | Reached skill level 6 in Axes
  2997 | D:4      | Gained mutation: You may rarely emit foul miasma when
                  | damaged in melee. [demonic ancestry]
  2997 | D:4      | Reached XP level 8. HP: 19/63 MP: 8/8
  3187 | D:4      | Found a stormy altar of Qazlal.
  3388 | D:5      | Entered Level 5 of the Dungeon
  3958 | D:5      | HP: 3/64 [gnoll/+0 spear[a gnoll bouda] (2)]
  3961 | D:5      | Reached skill level 7 in Axes
  4428 | D:5      | Found Patel's Book Emporium.
  4854 | D:6      | Noticed Sigmund
  4863 | D:6      | Killed Sigmund
  4976 | D:6      | Found a staircase to the Ecumenical Temple.
  4985 | Temple   | Entered the Ecumenical Temple
  5120 | Temple   | Became a worshipper of Gozag Ym Sagoz the Greedy
  5271 | D:6      | Reached skill level 5 in Dodging
  5271 | D:6      | Gained mutation: You sometimes emit foul miasma when
                  | damaged in melee. [demonic ancestry]
  5271 | D:6      | Reached XP level 9. HP: 69/71 MP: 9/9
  5327 | D:6      | Noticed Prince Ribbit
  5337 | D:6      | Killed Prince Ribbit
  5338 | D:6      | Reached skill level 8 in Axes
  5835 | D:1      | Bought a +3 chain mail of poison resistance for 258 gold
                  | pieces
  6763 | D:7      | Upgraded the game from 0.30-a0-918-g0ff054e9dc to
                  | 0.30-a0-924-g0ad0bf95bc
  6811 | D:7      | Reached skill level 9 in Axes
  7802 | D:8      | Reached XP level 10. HP: 64/79 MP: 10/10
  8007 | D:8      | Noticed a two-headed ogre
  8022 | D:8      | Killed a two-headed ogre
  8023 | D:8      | Reached skill level 10 in Axes
  8123 | D:8      | Got the Reference Book on the Escort and Geometry
  8937 | D:9      | Found a transporter.
  8939 | D:9      | Found a transporter.
  8939 | D:9      | Noticed a deep troll
  8939 | D:9      | Noticed a moth of wrath
  9000 | D:9      | Found a bloodstained altar of Trog.
  9000 | D:9      | Noticed lunkers's ghost (novice MeVM)
  9748 | D:9      | HP: 3/82 [something (9)]
  9749 | D:9      | HP: 1/82 [something (2)]
  9750 | D:9      | Killed from afar by a vampire

Illustrated notes

Levels and vault maps discovered:
D:1:      dpeg_arrival_water_fire, layout_basic, serial_shops, shop, shop,
          nicolae_diamond_shop
D:2:      layout_basic, nicolae_ecumenical_oubliette
D:3:      layout_rooms, nzn_wu_jian_council_hall, serial_shops, shop,
          kennysheep_generic_room_13
D:4:      layout_cave_pools, fiery_altar_vehumet,
          nicolae_qazlal_scattered_showers, uniq_edmund, uniq_pikel
D:5:      layout_cave_pools, serial_shops, shop, mrwooster_statue_mirror,
          st_stairs_2, minmay_holes
D:6:      kennysheep_steamy, layout_loops_ring, lemuel_temple_firewalk_a,
          uniq_sigmund, uniq_prince_ribbit1
D:7:      layout_basic, corner_web_ring
D:8:      layout_gridville, minmay_misc_feat_plants
D:9:      layout_grid_maze, gammafunk_ghost_wrathful_warriors
Temple:   minmay_crystal_spiral_temple

Skill      XL: |  1  2  3  4  5  6  7  8  9 10 |
---------------+-------------------------------+-----
Axes           | 2 3 4 5 6 7 9 10 | 10.8
Dodging        | 1 2 3 5 6 7 |  7.2
Fighting       | 4 5 6 7 8 |  8.7
Armour         | |  2.6
Shields        | |  2.6

Action                     |  1- 3 |  4- 6 |  7- 9 | 10-12 || total
---------------------------+-------+-------+-------+-------++-------
  Melee: War axe           |   107 |    92 |   399 |   161 ||   759
         Touch             |       |       |     3 |       ||     3
  Evoke: Wand              |       |     9 |     3 |     1 ||    13
    Use: Scroll            |     9 |     2 |     6 |       ||    17
         Potion            |       |     1 |     5 |     1 ||     7
   Stab: Invisible         |       |       |     1 |       ||     1
         Distracted        |       |       |     1 |     1 ||     2
 Armour: Scale mail        |    60 |       |       |       ||    60
         Ice dragon scales |       |    58 |   206 |       ||   264
         Skin              |       |       |    74 |       ||    74
         Chain mail        |       |       |   120 |   155 ||   275
  Dodge: Dodged            |    46 |    47 |   191 |   100 ||   384
  Block: Buckler           |    29 |    27 |     2 |       ||    58
         Kite shield       |       |       |   256 |   150 ||   406

Table legend: (Time is in decaauts)
 A = Elapsed time spent in this place.
 B = Non-inter-level travel time spent in this place.
 C = Inter-level travel time spent in this place.
 D = Time resting spent in this place.
 E = Time spent auto-exploring this place.
 F = Levels seen in this place.
 G = Mean time per level.
                   A        B        C        D        E       F      G
               +--------+--------+--------+--------+--------+-----+--------+
         Total |   9973 |   9267 |    706 |   1496 |   5926 |  10 |  997.3 |
       Dungeon |   9750 |   9131 |    619 |   1496 |   5815 |   9 | 1083.3 |
        Temple |    222 |    135 |     87 |      0 |    111 |   1 |  222.0 |
               +--------+--------+--------+--------+--------+-----+--------+

Top non-repeatable levels by time:
     D:4: 1779 daAuts
     D:8: 1439 daAuts
     D:6: 1228 daAuts
     D:5: 1133 daAuts
     D:1: 1074 daAuts
     D:9: 996 daAuts
     D:7: 843 daAuts
     D:2: 693 daAuts
     D:3: 560 daAuts
  Temple: 222 daAuts
